 Dungeon Crawl Stone Soup version 0.27.0-1-g7a089689b8 (webtiles) character file.

Game seed: 4555844323285216800

509 KamiKatze the Shield-Bearer (level 7, -9/56 HPs)
             Began as a Formicid Fighter on Aug 3, 2021.
             Mangled by a hornet (10 damage)
             ... on level 4 of the Dungeon.
             The game lasted 00:11:21 (4356 turns).

KamiKatze the Shield-Bearer (Formicid Fighter)      Turns: 4356, Time: 00:11:22

Health: -9/56      AC:  6    Str: 23    XL:     7   Next: 42%
Magic:  7/7        EV: 12    Int:  7    God:
Gold:   79         SH: 11    Dex: 10    Spells: 6/6 levels left

rFire    + . .     SeeInvis +   a - +0 war axe
rCold    + . .     Faith    .   c - +1 kite shield
rNeg     . . .     Spirit   .   b - +0 scale mail
rPois    +         Reflect  .   (helmet unavailable)
rElec    +         Harm     .   (no cloak)
rCorr    +         Rampage  .   (no gloves)
Will     .....                  (no boots)
Stlth    ..........             (no amulet)
HPRegen  0.18/turn              k - +4 ring of evasion
MPRegen  0.10/turn              o - ring of resist corrosion

@: resistant
A: permanent stasis, dig shafts and tunnels, antennae 3, four strong arms
a: Dig, Shaft Self


You were on level 4 of the Dungeon.
You visited 1 branch of the dungeon, and saw 4 of its levels.

You collected 79 gold pieces.

Inventory:

Hand Weapons
 a - a +0 war axe (weapon)
 r - a +0 flail
Missiles
 p - 51 poisoned darts (quivered)
Armour
 b - a +0 scale mail (worn)
 c - a +1 kite shield (worn)
 n - a +0 chain mail
Jewellery
 k - a +4 ring of evasion (left hand)
 o - a ring of resist corrosion (right hand)
 u - an amulet of faith
Potions
 f - a potion of resistance
 g - a potion of attraction {unknown}
 h - 3 potions of curing
 i - a potion of lignification {unknown}
 j - a potion of heal wounds {unknown}
 l - a potion of magic {unknown}
 q - 2 potions of brilliance
 t - a potion of berserk rage {unknown}


   Skills:
 + Level 5.2 Fighting
 * Level 5.5 Axes
 - Level 3.2 Armour
 + Level 5.6 Shields


You had 6 spell levels left.
You didn't know any spells.
Your spell library contained the following spells:

 Spells                   Type           Power      Damage    Failure   Level
 Pain                     Necr           0%         1d4       94%         1
 Gell's Gravitas          Tloc           0%         N/A       100%        3
 Teleport Other           Tloc           0%         N/A       100%        3
 Agony                    Necr           0%         N/A       100%        5
 Excruciating Wounds      Necr           0%         N/A       100%        5
 Dispersal                Tloc           0%         N/A       100%        6


Dungeon Overview and Level Annotations

Branches:
Dungeon (4/15)
 Temple: D:4-7

Altars:

Annotations:
D:3 1 runed translucent door, exclusion: door, Crazy Yiuf


Innate Abilities, Weirdness & Mutations

You cannot be hasted, slowed, berserked, paralysed or teleported.
You can dig through walls and to a lower floor.
You have a pair of large antennae on your head. (SInv)
Your four strong arms can wield two-handed weapons with a shield.


Message History

You barely miss the hornet.
The hornet is severely wounded.
You block the hornet's attack. x2
You hit the hornet.
The hornet is severely wounded.
You block the hornet's attack. x2
You miss the hornet.
The hornet is severely wounded.
The hornet stings you!
* * * LOW HITPOINT WARNING * * *
The hornet misses you.
You hit the hornet but do no damage.
The hornet is severely wounded.
The hornet stings you but does no damage. x2
Unknown command.
Your shield and scale mail prevent you from hitting the hornet.
The hornet is severely wounded.
The hornet stings you.
* * * LOW HITPOINT WARNING * * *
Your stasis prevents you from being paralysed.
The hornet completely misses you.
You barely miss the hornet.
The hornet is severely wounded.
You block the hornet's attack. The hornet stings you.
* * * LOW HITPOINT WARNING * * *
Your stasis prevents you from being slowed.
Your shield and scale mail prevent you from hitting the hornet.
The hornet is severely wounded.
You block the hornet's attack. x2
You closely miss the hornet.
The hornet is severely wounded.
You block the hornet's attack. The hornet stings you.
* * * LOW HITPOINT WARNING * * *
You hit the hornet.
The hornet is almost dead.
The hornet closely misses you. You block the hornet's attack.
You miss the hornet.
The hornet is almost dead.
The hornet stings you!
You die...

..............#........
..............#........
..............#........
..............#........
.....................[.
..............#........
............###........
................########
###...##...####.@y......
#..# #.... #####....#
#.. #.##.. ..# #. #


You could see a hornet.

Vanquished Creatures
  A phantom (D:3)
  A hound (D:3)
  An orc priest (D:2)
  2 iguanas (D:4)
  Natasha (thrice) (D:2)
  Robin (D:2)
  3 adders
  10 gnolls
  2 adder skeletons (D:4)
  4 dart slugs
  8 orcs
  8 endoplasms
  6 giant cockroaches
  16 goblins
  5 hobgoblins
  8 jackals
  3 quokkas (D:3)
  6 ball pythons
  4 bats
  7 frilled lizards
  4 kobolds
  2 rats
105 creatures vanquished.

Vanquished Creatures (others)
  2 plants (D:1)
2 creatures vanquished.

Grand Total: 107 creatures vanquished

Notes
Turn   | Place    | Note
-------+----------+-------------------------------------------
     0 | D:1      | KamiKatze the Formicid Fighter began the quest for the Orb.
     0 | D:1      | Reached XP level 1. HP: 18/18 MP: 1/1
    42 | D:1      | Reached XP level 2. HP: 24/24 MP: 2/2
   267 | D:1      | Reached XP level 3. HP: 23/29 MP: 3/3
   648 | D:1      | Found a faded altar of an unknown god.
   985 | D:2      | Reached XP level 4. HP: 37/37 MP: 4/4
  1917 | D:2      | Reached XP level 5. HP: 42/42 MP: 5/5
  2220 | D:3      | Reached XP level 6. HP: 41/49 MP: 6/6
  2540 | D:2      | Reached skill level 5 in Shields
  2626 | D:3      | Noticed Natasha
  2638 | D:2      | Killed Natasha
  2898 | D:2      | Noticed Natasha
  2903 | D:2      | Killed Natasha
  3081 | D:2      | Noticed Natasha
  3089 | D:2      | Killed Natasha
  3302 | D:3      | Noticed Robin
  3321 | D:2      | Killed Robin
  3322 | D:2      | Reached skill level 5 in Axes
  3327 | D:2      | Reached XP level 7. HP: 7/55 MP: 7/7
  3908 | D:3      | Found a runed translucent door.
  3909 | D:3      | Noticed Crazy Yiuf
  4031 | D:4      | Reached skill level 5 in Fighting
  4339 | D:4      | Noticed a hornet
  4354 | D:4      | HP: 1/56 [hornet (3)]
  4356 | D:4      | Mangled by a hornet

Illustrated notes

Levels and vault maps discovered:
D:1:      dpeg_arrival_boxes_within_box, layout_loops_ring,
          basic_ecumenical_altar, minmay_door_square, hangedman_decor_growths,
          serial_bayou_pond_b, minmay_lizard_pond
D:2:      layout_basic
D:3:      layout_rooms, grunt_decor_resistance, uniq_robin,
          uniq_crazy_yiuf_cottage, uniq_natasha
D:4:      layout_rooms

Skill      XL: |  1  2  3  4  5  6  7 |
---------------+----------------------+-----
Shields        | 4 5 |  5.6
Axes           | 3 4 5 |  5.5
Fighting       | 4 5 |  5.2
Armour         | |  3.2

Action                   |  1- 3 |  4- 6 |  7- 9 || total
-------------------------+-------+-------+-------++-------
Melee: War axe           |    84 |   165 |    61 ||   310
  Use: Potion            |       |     2 |     1 ||     3
       Scroll            |       |       |     5 ||     5
Armor: Scale mail        |    38 |    44 |    10 ||    92
Dodge: Dodged            |    32 |    99 |    24 ||   155
Block: Kite shield       |    42 |   114 |    36 ||   192
